 Dungeon Crawl Stone Soup version 0.25.1-1-g288607f5aa (webtiles) character file.

Game seed: 3359717115594226377

357 Kold the Insei (level 6, -8/38 HPs)
             Began as an Octopode Transmuter on July 28, 2020.
             Was an Initiate of Okawaru.
             Mangled by a gnoll
             ... wielding a +0 flail
              (13 damage)
             ... on level 4 of the Dungeon.
             The game lasted 00:06:42 (4122 turns).

Kold the Insei (Octopode Transmuter)                Turns: 4122, Time: 00:06:42

Health: -8/38      AC:  1    Str: 15    XL:     6   Next: 64%
Magic:  9/9        EV: 13    Int: 17    God:    Okawaru [......]
Gold:   145        SH:  0    Dex: 13    Spells: 4/10 levels left

rFire    . . .     SeeInvis .     - Unarmed
rCold    . . .     Gourm    .   (no shield)
rNeg     . . .     Faith    .   (helmet restricted)
rPois    .         Spirit   .   (no amulet)
rElec    .         Reflect  .   j - +6 ring of strength
rCorr    +         Harm     .   n - ring of resist corrosion
MR       .....                  (no ring)
Stlth    ++........             (no ring)
HPRegen  0.12/turn              (no ring)
MPRegen  0.11/turn              (no ring)
                                (no ring)
                                (no ring)

@: brilliant, appendage, stab
A: almost no armour, stealthy swim, amphibious, 8 rings, constrict 8, tentacle
spike 3, camouflage 1, gelatinous body 1
a: End Transformation, Renounce Religion


You were on level 4 of the Dungeon.
You worshipped Okawaru.
Okawaru was noncommittal.
You were not hungry.
One of your tentacles had a temporary spike.
You visited 2 branches of the dungeon, and saw 5 of its levels.

You collected 145 gold pieces.

Inventory:

Missiles
 a - 49 arrows
Jewellery
 j - a +6 ring of strength (left tentacle)
 n - a ring of resist corrosion (right tentacle)
Wands
 s - a wand of digging (7)
Scrolls
 b - 2 scrolls of amnesia {unknown}
 e - a scroll of enchant weapon {unknown}
 g - 6 scrolls of remove curse {unknown}
 l - 3 scrolls of enchant armour {unknown}
 o - a scroll of fog {unknown}
 q - 4 scrolls of identify {unknown}
 t - a scroll of random uselessness {unknown}
 u - a scroll of noise {unknown}
Potions
 d - a potion of curing
 f - a potion of degeneration {unknown}
 h - a potion of might {unknown}
 k - a potion of flight {unknown}
 m - a potion of brilliance
 r - a potion of stabbing
Comestibles
 c - 5 rations
 i - 10 chunks of flesh


   Skills:
 - Level 1.3 Fighting
 - Level 2.2 Dodging
 - Level 0.2 Stealth
 + Level 5.1 Unarmed Combat
 - Level 2.5 Spellcasting
 + Level 4.4 Transmutations
 - Level 2.0 Poison Magic


You had 4 spell levels left.
You knew the following spells:

 Your Spells              Type           Power        Failure   Level  Hunger
a - Beastly Appendage     Tmut           ####..       3%          1    None
b - Sticks to Snakes      Tmut           ####....     4%          2    None
c - Spider Form           Tmut/Pois      ###.......   14%         3    None

Your spell library contained the following spells:

 Spells                   Type           Power        Failure   Level  Hunger
 Ice Form                 Ice/Tmut       ##......     58%         4    None
 Blade Hands              Tmut           ####......   63%         5    None


Dungeon Overview and Level Annotations

Branches:
Dungeon (4/15)             Temple (1/1) D:4

Altars:
Elyvilon
Fedhas
Gozag
Hepliaklqana
Kikubaaqudgha
Nemelex Xobeh
Okawaru
Qazlal
Trog
Uskayaw
Vehumet
Wu Jian
Yredelemnul
Zin
The Shining One

Shops:
D:4 ((


Innate Abilities, Weirdness & Mutations

You cannot wear most types of armour.
You are very stealthy in the water. (Stealth+)
You are amphibious.
You can wear up to eight rings at the same time.
You can use your tentacles to constrict eight enemies at once.
Your skin changes colour to match your surroundings (Stealth+).
Your rubbery body absorbs attacks. (AC +1, EV +1)
One of your tentacles bears a large vicious spike.


Message History

The gnoll is heavily wounded.
You constrict the gnoll. The gnoll barely misses you.
You tentacle-slap the gnoll.
You pierce the gnoll.
You kill the gnoll!
Okawaru accepts your kill.
The gnoll throws a boomerang.
The boomerang hits you.
The weapon returns to the gnoll!
The gnoll hits you with a +0 flail!
* * * LOW HITPOINT WARNING * * *
It was a potion of curing.
You feel better.
The gnoll throws a boomerang.
The boomerang barely misses you.
The weapon returns to the gnoll!
The gnoll hits you with a +0 flail!
* * * LOW HITPOINT WARNING * * *
It was a potion of brilliance.
You feel clever all of a sudden.
The gnoll throws a boomerang.
The boomerang closely misses you.
The weapon returns to the gnoll!
It was a potion of stabbing.
You feel ready to backstab. The gnoll hits you with a +0 flail!
You die...

#...###..#..##รท.# #
#####..####..##.....# #
*****#..>......##.##.....##
#
*,,,..........(##.....)...#
#
*,**##.........######...###
# *,* #.#.#.#.#.## #...#
*,**#........(##****#...#
*,**.#.#.#.#.#.#*,,,....#
*,,,,.......@.g#*,*######
*,*,*.#.#.#)#g#.#,*
*,*,,,......,.....*
*,,*,#.#.#.#,#.#..#
*,*,,...,..,,,....#
*,*,*.#,#.#,*,#..##
*,**,,,,..,,,,,..#
*,**,*,#.#,*,*,.##
*,**,,,,,,,,,,,,*


You could see 2 gnolls.

Vanquished Creatures
  An ogre (D:4)
  A centaur skeleton (D:4)
  2 orc wizards (D:4)
  Robin (D:2)
  2 gnolls (D:4)
  4 adders
  2 oozes
  3 worms
  A dart slug (D:1)
  2 leopard geckos
  13 orcs
  9 bats
  3 giant cockroaches
  19 goblins
  9 hobgoblins
  2 jackals (D:4)
  4 kobolds
  A quokka (D:2)
  4 ball pythons (D:2)
  5 frilled lizards
  A leopard gecko skeleton (D:4)
  7 rats
96 creatures vanquished.

Notes
Turn   | Place    | Note
-------+----------+-------------------------------------------
     0 | D:1      | Kold the Octopode Transmuter began the quest for the Orb.
     0 | D:1      | Reached XP level 1. HP: 13/13 MP: 3/3
   255 | D:1      | Reached XP level 2. HP: 14/18 MP: 5/5
   874 | D:1      | Reached XP level 3. HP: 23/23 MP: 6/6
  1326 | D:2      | Learned a level 2 spell: Sticks to Snakes
  1330 | D:2      | Learned a level 3 spell: Spider Form
  1498 | D:2      | Noticed Robin
  1516 | D:2      | Reached skill level 1 in Poison Magic
  1521 | D:1      | Reached XP level 4. HP: 16/28 MP: 5/7
  1663 | D:2      | Found a bloodstained altar of Trog.
  1705 | D:2      | Killed Robin
  2377 | D:3      | Reached XP level 5. HP: 24/33 MP: 8/8
  2535 | D:3      | Reached skill level 4 in Unarmed Combat
  3094 | D:4      | Found Ciurgh's Weapon Boutique.
  3159 | D:4      | Found Utran's Weapon Boutique.
  3179 | D:4      | Noticed an ogre
  3390 | D:4      | Found a staircase to the Ecumenical Temple.
  3404 | Temple   | Entered the Ecumenical Temple
  3648 | Temple   | Became a worshipper of Warmaster Okawaru
  3933 | D:4      | Reached XP level 6. HP: 37/38 MP: 7/9
  4012 | D:4      | Reached skill level 5 in Unarmed Combat
  4122 | D:4      | Mangled by a gnoll

Illustrated notes

Levels and vault maps discovered:
D:1:      lightli_arrival_flooded_house, layout_basic, bh_walls_and_bars
D:2:      layout_rooms, bloody_trog, patterned_corridor, uniq_robin
D:3:      layout_basic, first_ration
D:4:      layout_rooms, kb_xom_exploding_sheep, minmay_temple_entry_statues,
          serial_shops, nicolae_shop_stone, shop, serial_rivers,
          chequers_serial_rivers_large_a, chequers_serial_rivers_large_b,
          chequers_serial_rivers_micro_a, chequers_serial_rivers_micro_a,
          chequers_serial_rivers_small_b, chequers_serial_rivers_room_a,
          hex_medium
Temple:   minmay_temple_curvy_branch

Skill      XL: |  1  2  3  4  5  6 |
---------------+-------------------+-----
Poison Magic   | 1 2 |  2.0
Transmutations | 3 4 |  4.4
Unarmed Combat | 4 5 |  5.1
Fighting       | |  1.3
Dodging        | |  2.2
Stealth        | |  0.2
Spellcasting   | |  2.5

Action                   |  1- 3 |  4- 6 || total
-------------------------+-------+-------++-------
Melee: Unarmed           |    87 |   108 ||   195
       Constrict         |    25 |    39 ||    64
       Punch             |     3 |     3 ||     6
       Kick              |    17 |    27 ||    44
       Tentacles         |    11 |    27 ||    38
 Cast: Beastly Appendage |    14 |    19 ||    33
       Spider Form       |       |     1 ||     1
       Sticks to Snakes  |       |     1 ||     1
  Use: Scroll            |       |     2 ||     2
       Potion            |       |     3 ||     3
 Stab: Sleeping          |     4 |     6 ||    10
       Distracted        |       |     1 ||     1
  Eat: Chunk             |     2 |     9 ||    11
Armor: Skin              |     8 |     8 ||    16
Dodge: Dodged            |    66 |    68 ||   134
